 Dungeon Crawl Stone Soup version 0.31.0-12-g77e489cdc1 (webtiles) character file.

Game seed: 8766391058406926960

423 xeryu the Spear-Bearer (level 6, -2/50 HPs)
             Began as a Minotaur Gladiator on Feb 29, 2024.
             Was an Initiate of Yredelemnul.
             Slain by a killer bee (7 damage)
             ... on level 4 of the Dungeon.
             The game lasted 00:57:24 (5031 turns).

xeryu the Spear-Bearer (Minotaur Gladiator)         Turns: 5031, Time: 00:57:25

Health: -2/50      AC:  7    Str: 20    XL:     6   Next: 63%
Magic:  5/5        EV: 10    Int:  5    God:    Yredelemnul [......]
Gold:   190        SH:  0    Dex: 12    Spells: 5/5 levels left

rFire   . . .        a - +1 trident
rCold   . . .        (no shield)
rNeg    . . .        t - +0 scale mail
rPois   .            c - +0 hat
rElec   .            (no cloak)
rCorr   .            p - +0 pair of gloves
SInv    .            (no boots)
Will    .....        b - amulet of regeneration
Stlth   +            (no ring)
HPRegen 1.08/turn    (no ring)
MPRegen 0.09/turn

%: no passive effects
@: lethally poisoned (-2 -> -12)
A: horns 2, retaliatory headbutt
a: Renounce Religion, Recall Undead Harvest


You were on level 4 of the Dungeon.
You worshipped Yredelemnul.
Yredelemnul was noncommittal.
You visited 2 branches of the dungeon, and saw 5 of its levels.

You collected 190 gold pieces.

Inventory:

Hand Weapons
 a - a +1 trident (weapon)
 y - a +1 antimagic orcbow
Missiles
 d - 3 throwing nets
 e - 6 javelins
 n - 5 poisoned darts (quivered)
Armour
 c - a +0 hat (worn)
 p - a +0 pair of gloves (worn)
 t - a +0 scale mail (worn)
Jewellery
 b - an amulet of regeneration (around neck)
 m - a ring of magical power
Talismans
 l - a beast talisman
 q - a flux talisman
Scrolls
 i - a scroll of teleportation
 s - a scroll of amnesia
Potions
 f - a potion of might {unknown}
 g - a potion of magic {unknown}
 h - a potion of ambrosia
 j - a potion of haste
 k - a potion of mutation
 o - a potion of invisibility {unknown}
 r - a potion of enlightenment {unknown}
 u - a potion of brilliance {unknown}
 v - a potion of cancellation {unknown}
 w - a potion of degeneration {unknown}
 x - a potion of curing {unknown}


   Skills:
 - Level 2.4 Fighting
 + Level 8.5 Polearms
 - Level 2.0 Throwing
 - Level 3.3 Dodging
 + Level 2.0 Stealth


You had 5 spell levels left.
You didn't know any spells.
Your spell library contained the following spells:

 Spells                   Type           Power      Damage    Failure   Level
 Fugue of the Fallen      Necr           0%         N/A       99%         3
 Ozocubu's Armour         Ice            0%         N/A       99%         3
 Stone Arrow              Conj/Erth      0%         3d7       99%         3
 Animate Armour           Summ/Erth      0%         N/A       100%        4
 Manifold Assault         Tloc           0%         N/A       100%        4
 Lehudib's Crystal Spear  Conj/Erth      0%         10d2      100%        8
 Chain Lightning          Conj/Air       0%         N/A       100%        9
 Fire Storm               Conj/Fire      0%         5d1       100%        9
 Shatter                  Erth           0%         3d5*      100%        9


Dungeon Overview and Level Annotations

Branches:
Dungeon (4/15)             Temple (1/1) D:4

Altars:
Ashenzari
Cheibriados
Fedhas
Gozag
Hepliaklqana
Kikubaaqudgha
Okawaru
Qazlal
Sif Muna
Trog
Wu Jian
Xom
Yredelemnul
Zin
The Shining One


Innate Abilities, Weirdness & Mutations

You have a pair of horns on your head.
You reflexively headbutt those who attack you in melee.


Message History

Your ball python zombie is destroyed!
The killer bee barely misses your hobgoblin zombie.
Your hobgoblin zombie misses the killer bee.
The killer bee barely misses your hobgoblin zombie.
The killer bee barely misses you.
The killer bee attacks as it pursues you!
The killer bee stings you but does no damage.
The killer bee closely misses you.
The killer bee attacks as it pursues you!
The killer bee barely misses you. You furiously retaliate!
You headbutt the killer bee!
The killer bee stings you but does no damage.
The killer bee stings you.
You are poisoned.
The killer bee poisons you!
You feel sick.
The killer bee stings you but does no damage. x2
You feel sick.
The killer bee attacks as it pursues you!
The killer bee barely misses you.
The killer bee attacks as it pursues you!
The killer bee stings you. x2
You feel sick. The killer bee misses you. You furiously retaliate!
You headbutt the killer bee. The killer bee stings you.
You are more poisoned.
The killer bee poisons you! The killer bee stings you.
You are more poisoned.
The killer bee poisons you! The killer bee stings you!
You are more poisoned.
The killer bee poisons you! The killer bee stings you.
* * * LOW HITPOINT WARNING * * *
You feel extremely sick.
The killer bee attacks as it pursues you!
The killer bee barely misses you. The killer bee stings you.
* * * LOW HITPOINT WARNING * * *
* * * LOW HITPOINT WARNING * * *
You feel very sick. The killer bee stings you!
You die...
Your body rises from the dead as a mindless zombie.

.. #.# #.# #.#
#.######### #..
#.........# ##.y
#........y###########
#<...
#.......yy@.........#
##...
#........y#########.#
......#.........# #.#
.....y#.#Z......# #.#
......._..####### #.#
###.#.#.### #.#
#.#...####### #.#
#...........# #.#
#...........# #.#


You could see 4 killer bees and a friendly hobgoblin zombie.

Vanquished Creatures
  2 phantoms (D:4)
  A centaur (D:4)
  A scorpion (D:4)
  7 adders
  2 dart slugs
  An orc (D:4)
  6 bats
  6 endoplasms
  A giant cockroach (D:1)
  7 goblins
  6 hobgoblins
  4 jackals (D:2)
  4 quokkas
  8 ball pythons
  6 kobolds
  7 rats
69 creatures vanquished.

Vanquished Creatures (collateral kills)
  A giant cockroach (D:3)
1 creature vanquished.

Vanquished Creatures (others)
  A centaur zombie (D:4)
  An adder zombie (D:4)
  2 ball python zombies (D:4)
  An orc zombie (D:4)
5 creatures vanquished.

Grand Total: 75 creatures vanquished

Notes
Turn   | Place    | Note
-------+----------+-------------------------------------------
     0 | D:1      | xeryu the Minotaur Gladiator began the quest for the Orb.
     0 | D:1      | Reached XP level 1. HP: 18/18 MP: 0/0
   864 | D:1      | Reached skill level 4 in Polearms
  1116 | D:1      | Reached XP level 2. HP: 25/25 MP: 1/1
  2422 | D:2      | Reached skill level 5 in Polearms
  2422 | D:2      | Reached XP level 3. HP: 30/30 MP: 2/2
  3054 | D:3      | Reached skill level 1 in Stealth
  3054 | D:3      | Reached XP level 4. HP: 37/37 MP: 3/3
  3141 | D:3      | Found a basalt altar of Yredelemnul.
  3157 | D:3      | Became a worshipper of Yredelemnul the Dark
  3379 | D:3      | Found a faded altar of an unknown god.
  3422 | D:3      | Reached * piety under Yredelemnul
  3808 | D:3      | Reached skill level 6 in Polearms
  4114 | D:4      | Noticed a phantom
  4129 | D:4      | Killed a phantom
  4130 | D:4      | Reached XP level 5. HP: 42/42 MP: 4/4
  4250 | D:4      | Reached skill level 7 in Polearms
  4309 | D:4      | Noticed a phantom
  4323 | D:4      | Killed a phantom
  4324 | D:4      | Reached skill level 8 in Polearms
  4324 | D:4      | Reached XP level 6. HP: 50/50 MP: 5/5
  4333 | D:4      | Found a glowing silver altar of Zin.
  4333 | D:4      | Found an opulent altar of Gozag.
  4380 | D:4      | Found a staircase to the Ecumenical Temple.
  4394 | Temple   | Entered the Ecumenical Temple
  4789 | D:4      | Found an ornate altar of the Wu Jian Council.
  4885 | D:4      | Found an iron altar of Okawaru.
  5031 | D:4      | Slain by a killer bee

Illustrated notes

Levels and vault maps discovered:
D:1:      wander_arrival_lonely_grave, layout_loops_ring
D:2:      layout_basic, minmay_heptomino_w4
D:3:      layout_loops_ring, yredelemnul_altar_generic,
          hellmonk_ecumenical_altar_run_dry, small_statue_intersection,
          serial_bayou_pond_d, item_on_display_a
D:4:      layout_basic, grunt_temple_overflow_gold_and_silver,
          mainiacjoe_overflow_alcove_4, lemuel_crystal_altar,
          minmay_temple_entry_slanted
Temple:   compressed_dpeg_circular_temple

Skill      XL: |  1  2  3  4  5  6 |
---------------+-------------------+-----
Polearms       | 4 5 6 8 |  8.5
Stealth        | 1 2 |  2.0
Fighting       | |  2.4
Throwing       | |  2.0
Dodging        | |  3.3

Action                     |  1- 3 |  4- 6 || total
---------------------------+-------+-------++-------
  Melee: Trident           |    72 |    80 ||   152
         Headbutt          |     7 |    14 ||    21
         Punch             |     1 |       ||     1
  Throw: Dart              |       |     4 ||     4
    Use: Scroll            |     8 |       ||     8
   Stab: Sleeping          |     1 |       ||     1
         Distracted        |       |     1 ||     1
 Armour: Leather armour    |    24 |       ||    24
         Scale mail        |    10 |    65 ||    75
  Dodge: Dodged            |    42 |    38 ||    80
